 Dungeon Crawl Stone Soup version 0.28-a0-1435-g82390b3a13 (webtiles) character file.

Game seed: 10523387963809130049

161 ytrimaz the Insei (level 5, -3/34 HPs)
             Began as an Octopode Transmuter on Jan 9, 2022.
             Slain by an orc (5 damage)
             ... on level 4 of the Dungeon.
             The game lasted 00:02:45 (3137 turns).

ytrimaz the Insei (Octopode Transmuter)             Turns: 3137, Time: 00:02:45

Health: -3/34      AC:  1    Str: 10    XL:     5   Next: 42%
Magic:  8/9        EV: 13    Int: 17    God:
Gold:   87         SH:  0    Dex: 12    Spells: 4/10 levels left

rFire   . . .      SeeInvis .     - Unarmed
rCold   . . .      Faith    .   (no shield)
rNeg    . . .      Spirit   .   (helmet restricted)
rPois   .          Reflect  .   c - amulet of magic regeneration
rElec   .          Harm     .   (no ring)
rCorr   .          Rampage  .   (no ring)
Will    .....                   (no ring)
Stlth   ++........              (no ring)
HPRegen 0.11/turn               (no ring)
MPRegen 0.51/turn               (no ring)
                                (no ring)
                                (no ring)

@: very slightly contaminated
A: almost no armour, amphibious, 8 rings, camouflage 1, gelatinous body 1,
(nimble swimmer 1), tentacles
a: no special abilities


You were on level 4 of the Dungeon.
You visited 1 branch of the dungeon, and saw 4 of its levels.

You collected 87 gold pieces.

Inventory:

Jewellery
 c - an amulet of magic regeneration (around mantle)
 d - an amulet of faith
 g - an amulet of guardian spirit
Potions
 a - a potion of might
 b - a potion of curing {unknown}
 f - 2 potions of lignification {unknown}


   Skills:
 * Level 2.2 Fighting
 - Level 2.0 Dodging
 + Level 3.7 Unarmed Combat
 * Level 3.3 Spellcasting
 * Level 3.3 Transmutations


You had 4 spell levels left.
You knew the following spells:

 Your Spells              Type           Power      Damage    Failure   Level
a - Beastly Appendage     Tmut           28%        N/A       4%          1
b - Wereblood             Tmut           14%        N/A       7%          2
c - Spider Form           Tmut/Pois      8%         N/A       26%         3

Your spell library contained the following spells:

 Spells                   Type           Power      Damage    Failure   Level
 Ice Form                 Ice/Tmut       8%         N/A       65%         4


Dungeon Overview and Level Annotations

Branches:
Dungeon (3/15)

Altars:


Innate Abilities, Weirdness & Mutations

You cannot wear most types of armour.
You are amphibious.
You can wear up to eight rings at the same time.
Your skin changes colour to match your surroundings (Stealth+).
Your rubbery body absorbs attacks. (AC +1, EV +1)
((You are camouflaged when in or above water. (Stealth+)))
You have tentacles for arms and can constrict up to eight enemies at once.


Message History

You are lethally poisoned!
The adder poisons you! The orc misses you.
Unknown command.
Unknown command.
You feel much better.
You constrict the adder.
You feel sick. The orc barely misses you. The adder barely misses you.
The orc closely misses you.
Unknown command.
You aren't carrying any scrolls.
You tentacle-slap the adder.
You kill the adder!
You feel sick. The orc misses you. x2
Unknown command.
You barely miss the orc. You grab the orc. You constrict the orc.
You feel sick. The orc hits you with a +0 trident!
You tentacle-slap the orc.
The orc is severely wounded.
You constrict the orc.
You kill the orc!
You feel sick. The orc hits you with a +0 hand axe.
You tentacle-slap the orc. You grab the orc.
The orc is heavily wounded.
You constrict the orc, but do no damage.
You feel sick. The orc hits you with a +0 hand axe.
* * * LOW HITPOINT WARNING * * *
You tentacle-slap the orc but do no damage.
The orc is heavily wounded.
You constrict the orc, but do no damage.
The orc barely misses you.
You tentacle-slap the orc but do no damage.
You squeeze the orc, but do no damage.
The orc is heavily wounded.
You constrict the orc.
You feel sick. The orc hits you with a +0 hand axe.
* * * LOW HITPOINT WARNING * * *
You tentacle-slap the orc but do no damage.
The orc is heavily wounded.
You constrict the orc.
You feel sick.
You are no longer poisoned.
The orc hits you with a +0 hand axe.
You die...

### ###.# ######.#.##
####...##....###
####.#...$...(..#.## .##
#.#............#.>.#....
#..............#o.......
.....###.....†.)@.......
..##.[#...##.....)..##..
#..................##
#[................$..#
...........#...........
.......#..(#............
...##..#.#..............
#..# ..#.##.............
...# ...


You could see an orc.

Vanquished Creatures
  An orc wizard (D:4)
  A hound skeleton (D:4)
  A howler monkey zombie (D:4)
  4 adders (D:4)
  An ufetubus (D:4)
  2 dart slugs
  6 orcs (D:4)
  4 ball pythons
  4 endoplasms
  3 giant cockroaches
  3 hobgoblins (D:1)
  4 jackals (D:1)
  2 kobolds (D:1)
  A quokka (D:1)
  6 bats
  5 frilled lizards
  6 goblins
  3 rats
57 creatures vanquished.

Notes
Turn   | Place    | Note
-------+----------+-------------------------------------------
     0 | D:1      | ytrimaz the Octopode Transmuter began the quest for the
                  | Orb.
     0 | D:1      | Reached XP level 1. HP: 13/13 MP: 3/3
   509 | D:1      | Reached XP level 2. HP: 10/18 MP: 1/5
   679 | D:1      | Learned a level 2 spell: Wereblood
  1151 | D:1      | Reached XP level 3. HP: 23/23 MP: 4/6
  1155 | D:1      | Learned a level 3 spell: Spider Form
  1849 | D:2      | Found a faded altar of an unknown god.
  2549 | D:3      | You fall into a shaft and drop 1 floor!
  2616 | D:4      | Reached XP level 4. HP: 18/29 MP: 8/8
  2901 | D:4      | Reached XP level 5. HP: 25/34 MP: 9/9
  3137 | D:4      | Slain by an orc

Illustrated notes

Levels and vault maps discovered:
D:1:      dpeg_arrival_tiny_d, layout_loops_corners,
          chequers_serial_rivers_large_b
D:2:      layout_basic, ebering_ecumenical_altar_sacrificial
D:3:      layout_loops_ring, uniq_robin, uniq_sigmund, uniq_terence
D:4:      layout_cave_pools, serial_shops, kennysheep_mini_moat

Skill      XL: |  1  2  3  4  5 |
---------------+----------------+-----
Spellcasting   | 3 |  3.3
Transmutations | 3 |  3.3
Fighting       | 2 |  2.2
Dodging        | |  2.0
Unarmed Combat | |  3.7

Action                   |  1- 3 |  4- 6 || total
-------------------------+-------+-------++-------
Melee: Unarmed           |    84 |    44 ||   128
       Tentacles         |    18 |     8 ||    26
       Kick              |    16 |    10 ||    26
       Constrict         |    24 |     9 ||    33
       Punch             |     3 |     1 ||     4
 Cast: Beastly Appendage |    26 |     5 ||    31
       Wereblood         |     2 |       ||     2
  Use: Scroll            |     5 |       ||     5
       Potion            |       |     2 ||     2
 Stab: Sleeping          |     3 |     1 ||     4
Armor: Skin              |     8 |     2 ||    10
Dodge: Dodged            |    69 |    50 ||   119

Table legend: (Time is in decaauts)
 A = Elapsed time spent in this place.
 B = Non-inter-level travel time spent in this place.
 C = Inter-level travel time spent in this place.
 D = Time resting spent in this place.
 E = Time spent auto-exploring this place.
 F = Levels seen in this place.
 G = Mean time per level.
                   A        B        C        D        E       F      G
               +--------+--------+--------+--------+--------+-----+--------+
         Total |   3127 |   3065 |     62 |    176 |   2421 |   4 |  781.8 |
       Dungeon |   3127 |   3065 |     62 |    176 |   2421 |   4 |  781.8 |
               +--------+--------+--------+--------+--------+-----+--------+

Top non-repeatable levels by time:
     D:1: 1582 daAuts
     D:2: 878 daAuts
     D:4: 583 daAuts
     D:3: 82 daAuts
